 Dungeon Crawl Stone Soup version 0.21.0 (webtiles) character file.

60 Esekla the Vexing (level 4, -1/28 HPs)
             Began as an Octopode Arcane Marksman on Jan 6, 2018.
             Slain by a worm (8 damage)
             ... on level 3 of the Dungeon.
             The game lasted 00:15:42 (1680 turns).

Esekla the Vexing (Octopode Arcane Marksman)        Turns: 1680, Time: 00:15:43

Health: -1/28      AC:  1    Str:  9    XL:     4   Next: 6%
Magic:  5/5        EV: 13    Int: 15    God:
Gold:   137        SH:  0    Dex: 13    Spells: 5/5 levels left

rFire    . . .     SeeInvis .   m - +0 dagger
rCold    . . .     Gourm    .   (no shield)
rNeg     . . .     Faith    .   (helmet restricted)
rPois    .         Spirit   .   (no amulet)
rElec    .         Reflect  .   (no ring)
rCorr    .         Harm     .   (no ring)
MR       .....                  (no ring)
Stlth    +++.......             (no ring)
HPRegen  0.09/turn              (no ring)
MPRegen  0.09/turn              (no ring)
                                (no ring)
                                (no ring)

@: no status effects
A: almost no armour, stealthy swim, amphibious, 8 rings, constrict 8, camouflage
1, gelatinous body 1
a: no special abilities


You were on level 3 of the Dungeon.
You were not hungry.

You visited 1 branch of the dungeon, and saw 4 of its levels.

You collected 137 gold pieces.

Inventory:

Hand Weapons
 a - a +0 hunting sling
 m - a +0 dagger (weapon)
Missiles
 c - 29 sling bullets
 g - 2 tomahawks (quivered)
 h - 7 silver tomahawks
 l - 59 stones
Scrolls
 b - a scroll of fog
 f - a scroll of magic mapping {unknown}
 n - a scroll of remove curse
Books
 e - a book of Debilitation

   Spells                             Type                      Level
   a - Corona                         Hexes                        1
   b - Slow                           Hexes                        2
   c - Inner Flame                    Hexes/Fire                   3
   d - Portal Projectile              Hexes/Translocation          3
   e - Cause Fear                     Hexes                        4
   f - Leda's Liquefaction            Hexes/Earth                  4
Comestibles
 d - a ration


   Skills:
 + Level 1.4 Fighting
 * Level 1.8 Short Blades
 - Level 2.0 Slings
 + Level 2.3 Dodging
 + Level 1.6 Stealth
 - Level 1.0 Spellcasting
   Level 3.5 Hexes


You had 5 spell levels left.
You didn't know any spells.

Dungeon Overview and Level Annotations

Branches:
Dungeon (4/15)
 Temple: D:4-7

Altars:


Innate Abilities, Weirdness & Mutations

You cannot wear most types of armour.
You are very stealthy in the water. (Stealth+)
You are amphibious.
You can wear up to eight rings at the same time.
You can use your tentacles to constrict eight enemies at once.
Your skin changes colour to match your surroundings (Stealth+).
Your rubbery body absorbs attacks. (AC +1, EV +1)


Message History

You hit the worm.
The worm is moderately wounded.
You constrict the worm. The worm bites you.
You hit the worm but do no damage.
The worm is moderately wounded.
You constrict the worm. You barely miss the worm.
You squeeze the worm, but do no damage.
The worm is heavily wounded.
You constrict the worm. The worm closely misses you.
You hit the worm.
The worm is severely wounded.
You constrict the worm. You hit the worm but do no damage.
The worm is severely wounded.
You constrict the worm. The worm bites you!
* * * LOW HITPOINT WARNING * * *
You hit the worm but do no damage.
The worm is severely wounded.
You constrict the worm. The worm bites you!
You die...

.(.##.#.... #....
........... ....
...#....... #...
##........).. .. #...
......##.#.... .... #..#
... ..##.#.... ...
#..##.###.........#
####.##w..........#.....#
........@......# ######..
...............# #.......
#...# ...............#
#....... #...#
...............# #.......
#...# .........#######
#....... ....# ........##
#....... ....# ........#
####....... ....#
#######.##+## #..........
....#
#...........#.#..........


You could see a worm.

Vanquished Creatures
  An adder (D:2)
  A gnoll (D:2)
  A dart slug (D:1)
  A leopard gecko (D:1)
  An orc (D:3)
  2 giant cockroaches
  6 goblins
  3 hobgoblins
  5 jackals (D:3)
  2 kobolds (D:2)
  2 quokkas (D:3)
  3 bats
  3 frilled lizards (D:1)
  3 rats
34 creatures vanquished.

Notes
Turn   | Place    | Note
-------+----------+-------------------------------------------
     0 | D:1      | Esekla the Octopode Arcane Marksman began the quest for the Orb.
     0 | D:1      | Reached XP level 1. HP: 13/13 MP: 2/2
   283 | D:2      | Reached XP level 2. HP: 13/18 MP: 3/3
   561 | D:2      | Reached skill level 1 in Short Blades
   561 | D:2      | Reached XP level 3. HP: 21/23 MP: 4/4
   619 | D:1      | Reached skill level 1 in Stealth
  1082 | D:4      | HP: 1/23 [poisoned by an adder]
  1581 | D:3      | Reached XP level 4. HP: 20/28 MP: 5/5
  1680 | D:3      | Slain by a worm

Skill      XL: |  1  2  3 |
---------------+----------+-----
Short Blades   | 1 |  1.8
Stealth        | 1 |  1.6
Fighting       | |  1.4
Slings         | |  2.0
Dodging        | |  2.3
Spellcasting   | |  1.0
Hexes          | |  3.5

Action                   |  1- 3 |  4- 6 || total
-------------------------+-------+-------++-------
Melee: Mace              |    11 |       ||    11
       Tentacles         |    13 |     3 ||    16
       Constrict         |    19 |     3 ||    22
       Dagger            |    60 |    15 ||    75
 Fire: Hunting sling     |     7 |       ||     7
Throw: Tomahawk          |     7 |     1 ||     8
       Stone             |     4 |       ||     4
  Use: Scroll            |     5 |       ||     5
       Potion            |     1 |       ||     1
 Stab: Sleeping          |     4 |       ||     4
  Eat: Ration            |     1 |       ||     1
Armor: Skin              |     5 |       ||     5
Dodge: Dodged            |    43 |     6 ||    49
